[Event "Titled Tuesday Blitz December 06 Late 2022"]
[White "Ezat, Mohamed"]
[Black "Baskakov, Egor"]
[WhiteFideId "10600906"]
[BlackFideId "24197866"]
[WhiteElo "2388"]
[BlackElo "2212"]
[Result "1-0"]
[Round "06"]
[TimeControl "180+1"]
[Date "2022.12.06"]
[WhiteClock "0:00:04"]
[BlackClock "0:00:22"]

1. d4 Nf6 2. c4 e6 3. Nc3 d5 4. cxd5 Nxd5 5. e4 Nxc3 6. bxc3 b6 7. Nf3 Bb7 8. Bb5+ c6 9. Bd3 Nd7 10. O-O Be7 11. Qe2 O-O 12. e5 Re8 13. Qe4 Nf8 14. Qg4 Qc7 15. h4 c5 16. h5 Bxf3 17. Qxf3 cxd4 18. cxd4 h6 19. Be3 Bg5 20. Bxg5 hxg5 21. Qg3 Qd8 22. Rad1 Rc8 23. Qe3 Qe7 24. Rc1 Red8 25. Ba6 Rxc1 26. Rxc1 g4 27. h6 Qh4 28. hxg7 Kxg7 29. g3 Qh6 30. Rc7 Rd7 31. Rxd7 Nxd7 32. Be2 Qg6 33. Qf4 Qb1+ 34. Kh2 Qxa2 35. Bxg4 Qc2 36. d5 Qg6 37. dxe6 fxe6 38. Kg2 Nc5 39. Qd4 Kf7 40. Qf4+ Ke7 41. Bf3 Nd3 42. Qd2 Nxe5 43. Qb4+ Kf7 44. Be4 Qf6 45. Qd6 Ng4 46. Bf3 Ne5 47. Be4 Ng6 48. Qd7+ Ne7 49. Qxa7 Qd4 50. Bf3 e5 51. Qb7 Qd6 52. Be4 Qc5 53. Qd7 b5 54. g4 b4 55. g5 Qc1 56. g6+ Kf6 57. Qd6+ Kg5 58. Qxe7+ Kf4 59. Qh4# 1-0


[Site "https://www.chess.com"]

[Event "Titled Tuesday Blitz December 06 Late 2022"]
[White "Fernandez Siles, Luis"]
[Black "Castellanos Gomez, Alejandro"]
[WhiteFideId "2209420"]
[BlackFideId "22284141"]
[WhiteElo "2186"]
[BlackElo "2168"]
[Result "0-1"]
[Round "06"]
[TimeControl "180+1"]
[Date "2022.12.07"]
[WhiteClock "0:01:01"]
[BlackClock "0:01:34"]

1. d4 d5 2. c4 e6 3. Nc3 Nf6 4. cxd5 exd5 5. Bg5 Be7 6. e3 c6 7. Qc2 O-O 8. Bd3 Nbd7 9. Nf3 Re8 10. O-O Nf8 11. h3 g6 12. Rab1 Ne6 13. Bh4 a5 14. a3 Ng7 15. b4 axb4 16. axb4 Bf5 17. Bxf5 Nxf5 18. Bxf6 Bxf6 19. b5 Nd6 20. bxc6 bxc6 21. Rfc1 Nc4 22. Nd2 Na3 23. Qb3 Nxb1 24. Ndxb1 Rb8 25. Qa4 Qb6 26. Kh2 Be7 27. g3 Bd6 28. h4 Ra8 29. Qc2 Reb8 30. h5 Qb2 31. Qxb2 Rxb2 32. Kg2 Ra1 33. h6 Bb4 34. Kf3 Bxc3 0-1


[Site "https://www.chess.com"]

[Event "Titled Tuesday Blitz December 06 Late 2022"]
[White "Ferriz Barrios, Andres"]
[Black "Dzierzak, Radoslaw"]
[WhiteFideId "5104467"]
[BlackFideId "1161407"]
[WhiteElo "2229"]
[BlackElo "2111"]
[Result "1-0"]
[Round "06"]
[TimeControl "180+1"]
[Date "2022.12.07"]
[WhiteClock "0:01:02"]
[BlackClock "0:00:01"]

1. d4 Nf6 2. Nf3 e6 3. Nbd2 c5 4. e3 cxd4 5. exd4 b6 6. c3 Bb7 7. Bd3 Be7 8. O-O O-O 9. Re1 d6 10. Qe2 Nbd7 11. Ne4 Re8 12. Nfg5 Nf8 13. Nxf6+ Bxf6 14. Qh5 g6 15. Qg4 Bg7 16. h4 h5 17. Qg3 e5 18. dxe5 dxe5 19. Bc4 Bd5 20. Rd1 Bxc4 21. Rxd8 Raxd8 22. Be3 f5 23. f4 Rd3 24. Qf2 e4 25. b3 Ba6 26. Rc1 Bxc3 27. Kh2 Red8 28. Bxb6 axb6 29. Qxb6 R8d6 30. Qc7 Rd7 31. Qc6 R7d6 32. Qe8 Rd7 33. Ne6 1-0


[Site "https://www.chess.com"]

[Event "Titled Tuesday Blitz December 06 Late 2022"]
[White "Figorito, Nick"]
[Black "Danielyan, Vahe"]
[WhiteFideId "30923689"]
[BlackFideId "13304828"]
[WhiteElo "2406"]
[BlackElo "2423"]
[Result "0-1"]
[Round "06"]
[TimeControl "180+1"]
[Date "2022.12.07"]
[WhiteClock "0:00:14"]
[BlackClock "0:02:12"]

1. Nf3 d5 2. g3 Nc6 3. d4 Bg4 4. Bg2 Qd7 5. Ne5 Nxe5 6. dxe5 O-O-O 7. Qd4 Kb8 8. Be3 b6 9. Nc3 Be6 10. b4 f6 11. b5 fxe5 12. Qxe5 Nf6 13. Qd4 Bh3 14. O-O e5 15. Qxe5 Bd6 16. Qd4 h5 17. Nxd5 Bxg2 18. Nxf6 Qh3 19. Rfd1 gxf6 20. Bf4 Bb7 21. e4 h4 22. Bxd6 Rxd6 23. Qe3 hxg3 24. Qxg3 Qxg3+ 25. fxg3 Bxe4 26. Rxd6 cxd6 27. h4 d5 28. Kf2 Rc8 29. Ke3 Rxc2 30. Kd4 Rd2+ 31. Kc3 Rg2 32. a4 Rxg3+ 33. Kb4 d4 34. Kc4 d3 35. Kd4 f5 36. h5 d2 37. Rd1 Rd3+ 38. Ke5 Bf3 39. Rf1 d1=N 40. Rxd1 Rxd1 41. Kf4 Be4 42. h6 Rh1 43. Kg5 Rxh6 44. Kxh6 f4 45. Kg5 f3 46. Kf4 f2 47. Kxe4 f1=Q 48. Kd4 Qa1+ 49. Kc4 Qxa4+ 50. Kc3 Qxb5 51. Kd4 a5 52. Kc3 a4 53. Kd4 a3 54. Kc3 a2 55. Kd2 a1=Q 56. Kc2 Qaa4+ 57. Kc3 Qbb3+ 58. Kd2 Qaa2+ 59. Kc1 Qbc2# 0-1


[Site "https://www.chess.com"]

[Event "Titled Tuesday Blitz December 06 Late 2022"]
[White "Gasparyan, David"]
[Black "Espinosa, Pedro"]
[WhiteFideId "13311980"]
[BlackFideId "30921066"]
[WhiteElo "2384"]
[BlackElo "2016"]
[Result "1-0"]
[Round "06"]
[TimeControl "180+1"]
[Date "2022.12.07"]
[WhiteClock "0:00:13"]
[BlackClock "0:00:07"]

1. e4 c5 2. Ne2 Nc6 3. Nbc3 d6 4. d3 g6 5. h4 Nf6 6. Bg5 Bg7 7. Ng3 Qb6 8. Rb1 Be6 9. Be2 O-O-O 10. Be3 Nd4 11. b4 Kb8 12. bxc5 Qxc5 13. Qd2 Rc8 14. Bxd4 Qxd4 15. Nb5 Qc5 16. c4 a6 17. Nc3 Ng4 18. O-O Bd4 19. Nh1 g5 20. h5 Qe5 21. Bxg4 Bxc3 22. Qe2 Bxg4 23. Qxg4 Qf4 24. Qd7 Rc7 25. Qa4 Be5 26. Ng3 Ka7 27. Rb3 Rhc8 28. Rfb1 Qd2 29. Qb4 Qxb4 30. Rxb4 Bxg3 31. fxg3 Rb8 32. Kf2 b6 33. a4 a5 34. Rb5 Rc5 35. R5b3 Rc6 36. Ke3 h6 37. g4 Rb7 38. Rf1 f6 39. Rf5 Rc8 40. Kd2 Rbc7 41. Ke3 Rc5 42. Rf1 R5c6 43. Rfb1 Rb8 44. Rb5 Rc5 45. Rxc5 dxc5 46. Rf1 Rd8 47. Rf5 Kb7 48. Rd5 Rxd5 49. exd5 Kc7 50. Ke4 Kd6 51. Kf5 Kd7 52. Kg6 Kd6 53. Kxh6 b5 54. cxb5 Kxd5 55. Kg6 e5 56. h6 e4 57. dxe4+ Kxe4 58. h7 c4 59. h8=Q c3 60. Qxf6 c2 61. Qc3 c1=Q 62. Qxc1 1-0


[Site "https://www.chess.com"]

[Event "Titled Tuesday Blitz December 06 Late 2022"]
[White "Gatterer, Florian"]
[Black "Omelja, Artem"]
[WhiteFideId "811688"]
[BlackFideId "14119846"]
[WhiteElo "2218"]
[BlackElo "2404"]
[Result "0-1"]
[Round "06"]
[TimeControl "180+1"]
[Date "2022.12.07"]
[WhiteClock "0:00:11"]
[BlackClock "0:00:03"]

1. b3 e5 2. Bb2 d6 3. d4 e4 4. e3 d5 5. c4 c6 6. Ne2 Bd6 7. cxd5 cxd5 8. Nbc3 Nf6 9. Nb5 Nc6 10. Nxd6+ Qxd6 11. a4 Bg4 12. h3 Bh5 13. g4 Nxg4 14. hxg4 Bxg4 15. Ba3 Nb4 16. Qd2 a5 17. Bxb4 axb4 18. Rc1 O-O 19. Nf4 Rfc8 20. Be2 Rxc1+ 21. Qxc1 Rc8 22. Qd2 Bxe2 23. Nxe2 h6 24. O-O Qg6+ 25. Ng3 h5 26. Kh2 h4 27. Ne2 Qf5 28. Nf4 g5 29. Rg1 Kh7 30. Nh3 f6 31. Qe2 Kh6 32. Rg4 Rc3 33. Rg2 Rxb3 34. Qb5 Rb2 35. Qxb7 g4 36. Qf7 g3+ 37. fxg3 hxg3+ 38. Kxg3 Qf3+ 39. Kh4 Rxg2 40. Qf8+ Kg6 41. Qg8+ Kf5 42. Qxg2 Qxg2 0-1


[Site "https://www.chess.com"]

[Event "Titled Tuesday Blitz December 06 Late 2022"]
[White "Gerbelli Neto, Eduardo"]
[Black "Clawitter, Craig"]
[WhiteFideId "2103281"]
[BlackFideId "2023105"]
[WhiteElo "2178"]
[BlackElo "2182"]
[Result "0-1"]
[Round "06"]
[TimeControl "180+1"]
[Date "2022.12.07"]
[WhiteClock "0:00:02"]
[BlackClock "0:00:06"]

1. e4 e6 2. d4 d5 3. Nc3 Bb4 4. Qd3 Ne7 5. Bd2 O-O 6. e5 b6 7. Qh3 c5 8. Bd3 Ng6 9. a3 Ba5 10. Nf3 Ba6 11. Ng5 h6 12. Bxg6 fxg6 13. Qxe6+ Kh8 14. Nf7+ Rxf7 15. Qxf7 cxd4 16. Nxd5 Bxd2+ 17. Kxd2 Bc4 18. e6 Qxd5 19. Rae1 Qg5+ 20. Kd1 Nc6 21. Qc7 Qxg2 22. e7 d3 23. e8=Q+ Rxe8 24. Rxe8+ Kh7 25. Rhe1 Qxf2 26. R8e2 dxe2+ 27. Kd2 Qf4+ 28. Kc3 Qxc7 29. Kxc4 Qe5 30. Kd3 Qd4+ 31. Kxe2 Qxb2 0-1


[Site "https://www.chess.com"]

[Event "Titled Tuesday Blitz December 06 Late 2022"]
[White "Goltsev, Dmitry"]
[Black "Chigaev, Maksim"]
[WhiteFideId "24176710"]
[BlackFideId "4108116"]
[WhiteElo "2327"]
[BlackElo "2542"]
[Result "0-1"]
[Round "06"]
[TimeControl "180+1"]
[Date "2022.12.06"]
[WhiteClock "0:01:40"]
[BlackClock "0:02:19"]

1. e4 c5 2. Nf3 e6 3. d4 cxd4 4. Nxd4 Nf6 5. Nc3 Nc6 6. Be2 Be7 7. O-O Qc7 8. Be3 a6 9. f4 d6 10. Bf3 O-O 11. Qe2 Nxd4 12. Bxd4 e5 13. fxe5 dxe5 14. Be3 Be6 15. Rfd1 Bc5 16. Nd5 Bxd5 17. Rxd5 Nxd5 18. exd5 e4 19. Bg4 f5 20. Bh3 f4 21. Be6+ Kh8 22. Bxc5 Qxc5+ 23. Kh1 f3 24. gxf3 exf3 25. Qe5 f2 26. Rf1 Qxc2 27. d6 Rae8 28. Qd5 Rxe6 0-1


[Site "https://www.chess.com"]

[Event "Titled Tuesday Blitz December 06 Late 2022"]
[White "Goncalves, Davi Sulzbacher"]
[Black "Drozdowski, Kacper"]
[WhiteFideId "2154510"]
[BlackFideId "1136720"]
[WhiteElo "2182"]
[BlackElo "2486"]
[Result "0-1"]
[Round "06"]
[TimeControl "180+1"]
[Date "2022.12.06"]
[WhiteClock "0:00:06"]
[BlackClock "0:00:15"]

1. d4 Nf6 2. c4 g6 3. Nc3 d5 4. cxd5 Nxd5 5. e4 Nxc3 6. bxc3 Bg7 7. Bg5 O-O 8. Nf3 c5 9. Qd2 Nd7 10. d5 Nf6 11. Bd3 Bg4 12. Rb1 Bxf3 13. gxf3 Qc7 14. Bf4 Qd7 15. Be3 b6 16. h4 e6 17. c4 exd5 18. cxd5 c4 19. Bxc4 Rac8 20. Bb5 Qd6 21. Bc6 Nh5 22. a4 Be5 23. a5 Qf6 24. Ke2 bxa5 25. Rb7 Rb8 26. Bg5 Nf4+ 27. Qxf4 Qxf4 28. Bxf4 Bxf4 29. Rhb1 Rxb7 30. Rxb7 Rb8 31. Rxb8+ Bxb8 32. Ke3 f6 33. f4 Kf8 34. e5 fxe5 35. fxe5 Bxe5 36. Ke4 Bd6 37. f4 Be7 38. f5 Bxh4 39. fxg6 hxg6 40. d6 Bg3 41. Kd5 g5 42. Kc5 Bf2+ 43. Kb5 Bb6 44. Bf3 Kf7 45. Bg4 Kf6 46. d7 Ke5 47. Ka4 Kf4 48. Be6 g4 49. Kb5 g3 50. Bd5 Ke3 51. Kc4 Kf2 52. Kb5 g2 53. Bxg2 Kxg2 0-1


[Site "https://www.chess.com"]

[Event "Titled Tuesday Blitz December 06 Late 2022"]
[White "Goroshkov, Maksym"]
[Black "Nazari, Arad"]
[WhiteFideId "14142716"]
[BlackFideId "12577324"]
[WhiteElo "2585"]
[BlackElo "2718"]
[Result "0-1"]
[Round "06"]
[TimeControl "180+1"]
[Date "2022.12.07"]
[WhiteClock "0:00:17"]
[BlackClock "0:00:21"]

1. e4 c5 2. d4 cxd4 3. c3 d3 4. Bxd3 g6 5. Nf3 Bg7 6. O-O d6 7. Na3 Nf6 8. Nc4 O-O 9. e5 dxe5 10. Ncxe5 Nc6 11. Bc4 Nxe5 12. Nxe5 Qc7 13. Re1 Nh5 14. Qd4 Rd8 15. Bxf7+ Kf8 16. Qc4 Bxe5 17. Bh6+ Ng7 18. Qb3 Bxh2+ 19. Kh1 Bf4 20. Bg8 e6 21. Bxe6 Bxh6 22. Bxc8 Raxc8 23. Re6 Nxe6 24. Qxe6 Qe7 25. Qh3 Rc5 26. g4 Bf4 27. Qf3 g5 28. Kg2 Qe6 29. Qh3 Qc6+ 30. Kg1 Rcd5 31. f3 Rd1+ 32. Rxd1 Rxd1+ 33. Kg2 Qd6 34. Qh6+ Qxh6 0-1


[Site "https://www.chess.com"]

[Event "Titled Tuesday Blitz December 06 Late 2022"]
[White "Graif, William"]
[Black "Curtis, John"]
[WhiteFideId "2609835"]
[BlackFideId "3200256"]
[WhiteElo "2205"]
[BlackElo "2203"]
[Result "0-1"]
[Round "06"]
[TimeControl "180+1"]
[Date "2022.12.07"]
[WhiteClock "0:00:03"]
[BlackClock "0:00:26"]

1. e4 c5 2. Nc3 d6 3. f4 e6 4. Nf3 a6 5. d4 cxd4 6. Nxd4 Qc7 7. Bd3 Nc6 8. Nxc6 bxc6 9. O-O Nf6 10. Qe2 e5 11. fxe5 dxe5 12. Bg5 Be7 13. Kh1 Bg4 14. Qe3 Be6 15. Rae1 c5 16. Bxf6 Bxf6 17. Nd5 Bxd5 18. exd5 c4 19. Be4 Rb8 20. Qa3 Be7 21. Qa4+ Rb5 22. b3 O-O 23. Qxa6 Ra5 24. Qxc4 Qxc4 25. bxc4 Bd6 26. Ra1 g6 27. Bd3 f5 28. Rfb1 e4 29. Bf1 Be5 30. a3 Bxa1 31. Rxa1 Rfa8 32. d6 Kf8 33. Rd1 Rxa3 34. c5 Rc3 35. d7 Ke7 36. Ba6 Rxc5 37. Bc8 Raxc8 38. dxc8=Q Rxc8 39. Rc1 Rc3 40. Kg1 f4 41. Kf2 g5 42. Ke2 e3 43. Kf3 Kf6 44. h3 Kf5 45. g4+ Ke5 46. Ke2 Ke4 47. Ra1 Rxc2+ 48. Kd1 Rh2 49. Ra4+ Kf3 0-1


[Site "https://www.chess.com"]

[Event "Titled Tuesday Blitz December 06 Late 2022"]
[White "Grapsa, Georgia"]
[Black "Walentukiewicz, Michal"]
[WhiteFideId "4206436"]
[BlackFideId "1126903"]
[WhiteElo "1825"]
[BlackElo "2028"]
[Result "0-1"]
[Round "06"]
[TimeControl "180+1"]
[Date "2022.12.07"]
[WhiteClock "0:00:37"]
[BlackClock "0:02:13"]

1. e4 g6 2. Nc3 Bg7 3. Bc4 d6 4. d3 Nf6 5. Be3 O-O 6. f3 c6 7. Bb3 b5 8. Qd2 a5 9. a4 b4 10. Nce2 d5 11. Bh6 Qd6 12. O-O-O Rd8 13. Bxg7 Kxg7 14. h4 h5 15. Nh3 e5 16. Ng5 Nbd7 17. Kb1 Nc5 18. exd5 cxd5 19. d4 Nxb3 20. cxb3 e4 21. Qe3 exf3 22. Nxf3 Bf5+ 23. Ka2 Ng4 24. Qg1 Re8 25. Rd2 Re3 26. Nh2 Rae8 27. Nxg4 Bxg4 28. Nc1 Qf4 29. Nd3 Qxd4 30. Qc1 Rxd3 0-1


[Site "https://www.chess.com"]

[Event "Titled Tuesday Blitz December 06 Late 2022"]
[White "Ibarra Jerez, Jose Carlos"]
[Black "Kamsky, Gata"]
[WhiteFideId "2226332"]
[BlackFideId "2000024"]
[WhiteElo "2638"]
[BlackElo "2666"]
[Result "0-1"]
[Round "06"]
[TimeControl "180+1"]
[Date "2022.12.06"]
[WhiteClock "0:00:04"]
[BlackClock "0:00:08"]

1. Nf3 d5 2. g3 Nf6 3. Bg2 c6 4. O-O Bf5 5. d3 h6 6. c4 dxc4 7. dxc4 Qxd1 8. Rxd1 Nbd7 9. Nd4 Bh7 10. Nb3 a5 11. Nc3 e5 12. Na4 Bb4 13. Be3 Bc2 14. Rdc1 Bxb3 15. axb3 Ng4 16. Nb6 Nxe3 17. Nxa8 Nxg2 18. c5 Ne3 19. fxe3 Ke7 20. Nb6 Nxc5 21. Rd1 Nxb3 22. Rd7+ Ke6 23. Rad1 Rb8 24. R7d3 Nc5 25. Rd8 Rxd8 26. Rxd8 h5 27. Kf1 g6 28. Re8+ Kf6 29. Nc4 Nd7 30. Ra8 b6 31. Rc8 c5 32. Nxb6 Nxb6 33. Rc6+ Kf5 34. Rxb6 Ke4 35. Kf2 f5 36. Rxg6 Bd2 37. Kf1 Bxe3 38. Rd6 c4 39. Ra6 Bd4 40. Rb6 Bxb6 0-1


[Site "https://www.chess.com"]

[Event "Titled Tuesday Blitz December 06 Late 2022"]
[White "Ismayil, Malak"]
[Black "Battlecruiser_Operational"]
[WhiteFideId "13412604"]
[WhiteElo "1880"]
[BlackElo "2292"]
[Result "1-0"]
[Round "06"]
[TimeControl "180+1"]
[Date "2022.12.07"]
[WhiteClock "0:00:04"]
[BlackClock "0:00:02"]

1. e4 c6 2. d4 d5 3. Nc3 dxe4 4. Nxe4 Nf6 5. Nxf6+ exf6 6. c3 Bd6 7. Nf3 O-O 8. Be3 Re8 9. Be2 Be6 10. Qd2 Qc7 11. h3 Nd7 12. O-O Rad8 13. c4 f5 14. c5 Be7 15. Bf4 Qc8 16. Qc2 h6 17. Bd3 g5 18. Bd2 Nf8 19. Bc3 Ng6 20. Rae1 Nf4 21. Ne5 f6 22. Nf3 Nxd3 23. Qxd3 Bxa2 24. b4 Bd5 25. Nd2 Bf8 26. f4 Bg7 27. Qc2 g4 28. h4 h5 29. Qd3 Kf7 30. Nc4 Bxc4 31. Qxc4+ Kg6 32. Qd3 Rxe1 33. Rxe1 Re8 34. Ra1 a6 35. Qc4 Qd7 36. Qd3 Re4 37. g3 Qd5 38. Kf2 Bf8 39. Rd1 Be7 40. Rd2 Bd8 41. Rd1 Bc7 42. Rd2 Re7 43. Rd1 Qe6 44. Bb2 Qe4 45. Qxe4 fxe4 46. Ke3 f5 47. d5 cxd5 48. Rxd5 Kf7 49. Rxf5+ Ke6 50. Rxh5 Rd7 51. Kxe4 Rd1 52. Rh6+ Kd7 53. Rh7+ Kc6 54. Be5 Bxe5 55. fxe5 Rb1 56. Kf5 Rxb4 57. e6 Rb1 58. e7 Re1 59. Kf6 Kd7 60. Rf7 1-0


[Site "https://www.chess.com"]

[Event "Titled Tuesday Blitz December 06 Late 2022"]
[White "Jaracz, Pawel"]
[Black "Droin, Augustin"]
[WhiteFideId "1102222"]
[BlackFideId "45105987"]
[WhiteElo "2674"]
[BlackElo "2542"]
[Result "0-1"]
[Round "06"]
[TimeControl "180+1"]
[Date "2022.12.07"]
[WhiteClock "0:00:04"]
[BlackClock "0:00:46"]

1. c4 e5 2. g3 Nf6 3. Bg2 d5 4. cxd5 Nxd5 5. b3 Nc6 6. Bb2 Be7 7. Nf3 Bf6 8. Nc3 e4 9. Ng1 Nxc3 10. Bxc3 Bxc3 11. dxc3 Qe7 12. Nh3 Bf5 13. O-O Rd8 14. Qc1 O-O 15. Qe3 h6 16. Rad1 a5 17. Nf4 Qa3 18. g4 Bh7 19. Ra1 Rfe8 20. Qg3 Ne5 21. g5 hxg5 22. Qxg5 Qe7 23. Qg3 Ng6 24. Rad1 Nxf4 25. Qxf4 Qc5 26. c4 Bg6 27. h4 a4 28. e3 c6 29. Bh3 axb3 30. axb3 Rd3 31. Bg4 Red8 32. Rxd3 exd3 33. e4 Qd4 34. Bf3 d2 35. Rd1 Qb2 36. h5 Bh7 37. h6 gxh6 38. Kh2 Bg6 39. Rg1 Kg7 40. Bd1 Qf6 41. Qxf6+ Kxf6 42. Rg3 Bxe4 43. Re3 Bf5 44. f4 Rd3 45. Rxd3 Bxd3 46. c5 Kf5 47. Kg3 Ke4 48. Bf3+ Ke3 0-1


[Site "https://www.chess.com"]

[Event "Titled Tuesday Blitz December 06 Late 2022"]
[White "Jaskolka, Tomasz"]
[Black "Marchesich, Giovanni"]
[WhiteFideId "1170791"]
[BlackFideId "2824790"]
[WhiteElo "2126"]
[BlackElo "2200"]
[Result "0-1"]
[Round "06"]
[TimeControl "180+1"]
[Date "2022.12.07"]
[WhiteClock "0:00:39"]
[BlackClock "0:01:16"]

1. e4 e5 2. Bc4 Nf6 3. d3 Nc6 4. Nc3 Bc5 5. Nf3 d6 6. O-O Bg4 7. h3 Bh5 8. Be3 Nd4 9. Bxd4 Bxd4 10. Nd5 c6 11. Ne3 O-O 12. g4 Bg6 13. Nf5 Bb6 14. Qd2 d5 15. Bb3 dxe4 16. Nxe5 exd3 17. Rae1 dxc2 18. Qxc2 Nd5 19. Bxd5 cxd5 20. Rd1 Rc8 21. Qd3 Re8 22. Qxd5 Qg5 23. Nxg6 hxg6 24. Nd6 Qxd5 25. Rxd5 Rcd8 26. Rfd1 Re2 27. R1d2 Rxd2 28. Rxd2 Ba5 29. Rd4 Bb6 30. Rd2 Ba5 31. Rd4 a6 32. b4 Bc7 33. Nb5 axb5 34. Re4 Rd1+ 35. Kg2 Rd2 36. Re7 Bb6 37. Rxb7 Bxf2 38. Rxb5 Bd4+ 39. Kf3 Rxa2 40. h4 Rb2 41. h5 gxh5 42. gxh5 Bc3 43. Kg4 Rxb4+ 44. Rxb4 Bxb4 45. Kf5 Be7 46. Kg4 Bf8 47. h6 Kh7 48. Kh5 g6+ 49. Kg5 Bxh6+ 50. Kf6 Kg8 51. Ke5 Bg7+ 52. Kf4 Bh8 53. Kg5 Kg7 54. Kg4 f6 55. Kf4 Kf7 56. Kg4 Ke6 57. Kf4 Kd5 58. Kg4 Ke5 59. Kh4 Kf4 60. Kh3 g5 61. Kg2 f5 62. Kf2 Bg7 63. Kg2 Ke3 64. Kh3 Kf3 65. Kh2 g4 66. Kh1 f4 67. Kh2 Kf2 68. Kh1 Bh8 69. Kh2 g3+ 70. Kh3 g2 71. Kg4 f3 72. Kf5 Kg3 73. Ke4 f2 74. Kd3 f1=Q+ 75. Ke3 g1=Q+ 76. Ke4 Qe1+ 77. Kf5 Qc5+ 78. Kg6 Qe6+ 79. Kh7 Qce7+ 80. Kxh8 0-1


[Site "https://www.chess.com"]

[Event "Titled Tuesday Blitz December 06 Late 2022"]
[White "Jimenez Almeida, Luis David"]
[Black "Aung Thant Zin"]
[WhiteFideId "22242244"]
[BlackFideId "13000063"]
[WhiteElo "2158"]
[BlackElo "2278"]
[Result "1-0"]
[Round "06"]
[TimeControl "180+1"]
[Date "2022.12.07"]
[WhiteClock "0:00:23"]
[BlackClock "0:00:12"]

1. e4 c5 2. Nc3 Nc6 3. Nge2 e6 4. d4 cxd4 5. Nxd4 a6 6. g3 d6 7. Bg2 Qc7 8. O-O Nf6 9. Re1 Be7 10. h3 O-O 11. Be3 Bd7 12. Qd2 Rad8 13. Rad1 b5 14. f4 Nxd4 15. Bxd4 b4 16. Ne2 Bc6 17. Qxb4 d5 18. Qb6 Qxb6 19. Bxb6 Rb8 20. exd5 Bxd5 21. Bd4 Bxg2 22. Kxg2 Rfc8 23. Rc1 Bb4 24. c3 Be7 25. c4 Bc5 26. Bxf6 gxf6 27. b3 a5 28. Nc3 Bb4 29. Red1 Rd8 30. Rxd8+ Rxd8 31. Rd1 Rc8 32. Nb5 a4 33. Kf3 axb3 34. axb3 Ra8 35. Nd4 Ra2 36. Nc6 Bc5 37. b4 Rf2+ 38. Kg4 Be3 39. h4 f5+ 40. Kh3 Rc2 41. c5 Rb2 42. h5 Kg7 43. Rf1 Rb3 44. Rf3 f6 45. b5 e5 46. fxe5 fxe5 47. Nxe5 Kf6 48. Ng4+ 1-0


[Site "https://www.chess.com"]

[Event "Titled Tuesday Blitz December 06 Late 2022"]
[White "Jobava, Baadur"]
[Black "Maghsoodloo, Parham"]
[WhiteFideId "13601520"]
[BlackFideId "12539929"]
[WhiteElo "2582"]
[BlackElo "2672"]
[Result "0-1"]
[Round "06"]
[TimeControl "180+1"]
[Date "2022.12.06"]
[WhiteClock "0:00:01"]
[BlackClock "0:00:15"]

1. e4 e5 2. Nf3 Nc6 3. c3 Nf6 4. d3 d5 5. Qc2 a5 6. a4 Bc5 7. Be2 O-O 8. O-O Re8 9. h3 h6 10. Re1 Be6 11. Bf1 Qb8 12. Na3 Qa7 13. Nb5 Qb6 14. Be3 Bxe3 15. Rxe3 Rad8 16. Ree1 dxe4 17. dxe4 Nd7 18. Nd2 Qc5 19. Rac1 Na7 20. Na3 Nc8 21. Nb3 Qa7 22. Rcd1 Nd6 23. Nb5 Nxb5 24. Bxb5 c6 25. Bf1 Qb6 26. Nd2 Nc5 27. Nc4 Qc7 28. b4 axb4 29. cxb4 Na6 30. Qc3 Qe7 31. b5 cxb5 32. axb5 Bxc4 33. Bxc4 Nc5 34. Bd5 b6 35. Qf3 g6 36. h4 Kg7 37. h5 g5 38. Bc6 Rxd1 39. Rxd1 Rd8 40. Rxd8 Qxd8 41. Bd5 Qf6 42. Qg4 Qf4 43. Qxf4 exf4 44. Kf1 Kf6 45. Ke2 Ke5 46. Bxf7 Kxe4 47. Bg6+ Kd4 48. Kf3 Nd3 49. Kg4 Nxf2+ 50. Kf5 Ke3 0-1


[Site "https://www.chess.com"]

[Event "Titled Tuesday Blitz December 06 Late 2022"]
[White "Kavutskiy, Konstantin"]
[Black "Alexikov, Alexander"]
[WhiteFideId "2026384"]
[BlackFideId "14103958"]
[WhiteElo "2386"]
[BlackElo "2222"]
[Result "1-0"]
[Round "06"]
[TimeControl "180+1"]
[Date "2022.12.07"]
[WhiteClock "0:00:57"]
[BlackClock "0:00:15"]

1. d4 Nf6 2. Bg5 e6 3. Nd2 h6 4. Bh4 d5 5. e3 Be7 6. Bd3 O-O 7. c3 b6 8. f4 Ba6 9. Bxa6 Nxa6 10. Bxf6 Bxf6 11. Ngf3 c5 12. Qe2 Qc8 13. Ne5 Nb8 14. Ndf3 Rd8 15. g4 Qa6 16. Qg2 Qb7 17. g5 hxg5 18. Nxg5 Bxg5 19. fxg5 Nc6 20. Nxc6 Qxc6 21. g6 Rf8 22. O-O fxg6 23. Qxg6 Rxf1+ 24. Rxf1 Rf8 25. Rxf8+ Kxf8 26. Kf2 Qe8 27. Qh7 Qf7+ 28. Ke2 Ke7 29. Qh8 Qf8 30. Qxf8+ Kxf8 31. Kf3 Kf7 32. Kf4 Kf6 33. h4 a5 34. a4 c4 35. h5 g6 36. hxg6 1-0


[Site "https://www.chess.com"]

[Event "Titled Tuesday Blitz December 06 Late 2022"]
[White "Kleiman, Jake"]
[Black "Yoo, Christopher Woojin"]
[WhiteFideId "2020041"]
[BlackFideId "30909694"]
[WhiteElo "2603"]
[BlackElo "2463"]
[Result "1-0"]
[Round "06"]
[TimeControl "180+1"]
[Date "2022.12.06"]
[WhiteClock "0:00:36"]
[BlackClock "0:00:02"]

1. e4 c5 2. c3 Nf6 3. e5 Nd5 4. Nf3 Nc6 5. Bc4 Nb6 6. Bb3 d5 7. exd6 Qxd6 8. O-O c4 9. Bc2 Bg4 10. Qe2 e6 11. Na3 Qc5 12. b3 cxb3 13. axb3 Be7 14. h3 Bh5 15. Be4 O-O 16. Nc4 Nxc4 17. bxc4 Ne5 18. Ba3 Nxf3+ 19. Bxf3 Bxf3 20. Qxf3 Qc7 21. Bxe7 Qxe7 22. d4 b6 23. Ra6 Rac8 24. Rfa1 Rc7 25. R1a4 Rfc8 26. g3 g6 27. h4 h5 28. Kg2 Kg7 29. Qf4 Qd7 30. Qe5+ f6 31. Qe4 Kf7 32. d5 exd5 33. cxd5 Re8 34. Qd4 Qb5 35. Rxa7 Ree7 36. Rxc7 Rxc7 37. Rb4 Qc5 38. d6 Rc6 39. d7 Rd6 40. d8=Q Qc6+ 41. Kh2 Rxd8 42. Qxd8 Qf3 43. Qxb6 1-0


[Site "https://www.chess.com"]

[Event "Titled Tuesday Blitz December 06 Late 2022"]
[White "Koellner, Ruben Gideon"]
[Black "Moral Garcia, Serafin"]
[WhiteFideId "12993093"]
[BlackFideId "2201925"]
[WhiteElo "2665"]
[BlackElo "2529"]
[Result "1/2-1/2"]
[Round "06"]
[TimeControl "180+1"]
[Date "2022.12.07"]
[WhiteClock "0:00:04"]
[BlackClock "0:00:11"]

1. d4 Nf6 2. Nf3 g6 3. Nbd2 d5 4. e3 Bg7 5. b4 O-O 6. c4 dxc4 7. Bxc4 c6 8. O-O Nbd7 9. Bb2 Nb6 10. Be2 a5 11. bxa5 Rxa5 12. Qb3 Ra8 13. a4 Be6 14. Qc2 Nbd5 15. Ba3 Re8 16. Rfb1 Qc8 17. Bc4 Nc7 18. Qb3 Rb8 19. a5 Bxc4 20. Nxc4 Nb5 21. Bc5 Qe6 22. Nb6 Qxb3 23. Rxb3 Bf8 24. Ne5 Kg7 25. h3 Red8 26. Kf1 Nd5 27. Nxd5 Rxd5 28. Nd3 Ra8 29. Nb4 Rd7 30. a6 e6 31. Bxf8+ Kxf8 32. Ke2 bxa6 33. Nxc6 Rc7 34. Ne5 Rb7 35. Kd3 Ke7 36. Nc6+ Kd6 37. Na5 Rbb8 38. Nc4+ Kc7 39. Ne5 f6 40. Ng4 f5 41. Ne5 Rc8 42. Kd2 Kb7 43. Nd3 Kb6 44. Nc5 Rc6 45. Na4+ Kb7 46. Nc5+ Kb6 47. Kd3 Ra7 48. Rb4 e5 49. Rba4 exd4 50. exd4 a5 51. Rc4 Nd6 52. Na4+ Kc7 53. Rxc6+ Kxc6 54. Nc3 Nb5 55. Ra4 Nxc3 56. Kxc3 Kb5 57. Ra1 Rc7+ 58. Kd3 a4 59. d5 Ka5 60. Kd4 Rc2 61. d6 Rd2+ 62. Ke5 Kb4 63. Ke6 a3 64. d7 Kb3 65. Ke7 Re2+ 66. Kf8 Rd2 67. Ke8 Re2+ 68. Kf7 Rd2 69. Ke7 Re2+ 70. Kd6 Rd2+ 71. Kc7 Rc2+ 72. Kd6 Rd2+ 73. Ke6 Re2+ 74. Kf7 Rd2 75. Ke8 Re2+ 76. Kf8 Rd2 77. Ke7 1/2-1/2


[Site "https://www.chess.com"]

[Event "Titled Tuesday Blitz December 06 Late 2022"]
[White "Kollars, Dmitrij"]
[Black "Jaferian, Koosha"]
[WhiteFideId "12909572"]
[BlackFideId "12507440"]
[WhiteElo "2584"]
[BlackElo "2127"]
[Result "1-0"]
[Round "06"]
[TimeControl "180+1"]
[Date "2022.12.06"]
[WhiteClock "0:01:34"]
[BlackClock "0:00:17"]

1. d4 d5 2. c4 dxc4 3. Nf3 Nf6 4. e3 e6 5. Bxc4 a6 6. O-O c5 7. Re1 Nc6 8. Nc3 Be7 9. d5 exd5 10. Nxd5 O-O 11. e4 Be6 12. Bg5 b5 13. Nxe7+ Qxe7 14. e5 Nxe5 15. Nxe5 bxc4 16. Qf3 h6 17. Nc6 Qc7 18. Bxf6 gxf6 19. Re3 Rac8 20. Qxf6 Kh7 21. Ne7 Rg8 22. Nxg8 Rxg8 23. Rd1 Qb7 24. Rg3 Qxg2+ 25. Rxg2 1-0


[Site "https://www.chess.com"]